 Dungeon Crawl Stone Soup version 0.29-a0-542-g075992c915 (webtiles) character file.

Game seed: 6573091620774466951

5259 Essalna the Fighter (level 10, -3/109 HPs)
             Began as a Yellow Draconian Transmuter on June 3, 2022.
             Was an Initiate of Hepliaklqana.
             Slain by a wolf (5 damage)
             ... led by Grum
             ... on level 8 of the Dungeon.
             The game lasted 00:19:18 (11178 turns).

Essalna the Fighter (Yellow Draconian Transmuter)  Turns: 11178, Time: 00:19:19

Health: -3/109     AC:  7    Str: 14    XL:     10   Next: 36%
Magic:  11/13      EV: 11    Int: 17    God:    Hepliaklqana [......]
Gold:   388        SH:  0    Dex: 11    Spells: 8/13 levels left

rFire   x . .      SeeInvis .     - Unarmed
rCold   + + +      Faith    .   (shield currently unavailable)
rNeg    . . .      Spirit   .   (body armour unavailable)
rPois   +          Reflect  .   (helmet currently unavailable)
rElec   .          Harm     .   (cloak currently unavailable)
rCorr   .          Rampage  .   (gloves currently unavailable)
Will    .....                   (boots currently unavailable)
Stlth   +.........              (no amulet)
HPRegen 0.28/turn               j - ring of poison resistance
MPRegen 0.13/turn               u - ring of wizardry

@: ice-form, invisible
A: freezing attack, amphibious, boosted hp, (spit acid), AC +7, large, unfitting
armour, (cold-blooded), (acid resistance)
a: End Transformation, Renounce Religion


You were on level 8 of the Dungeon.
You worshipped Hepliaklqana.
Hepliaklqana was noncommittal.
You were a creature of crystalline ice.
You visited 2 branches of the dungeon, and saw 9 of its levels.
You also visited: Ossuary.

You collected 388 gold pieces.

Inventory:

Armour
 h - an orb of guile
Jewellery
 j - a ring of poison resistance (left front paw)
 m - a ring of flight
 r - a ring of positive energy
 u - a ring of wizardry (right front paw)
 F - a ring of protection from cold
Wands
 B - a wand of acid (8)
 G - a wand of polymorph (4)
Scrolls
 d - 2 scrolls of amnesia {unknown}
 e - 10 scrolls of identify {unknown}
 f - 2 scrolls of immolation {unknown}
 g - 3 scrolls of blinking {unknown}
 n - 2 scrolls of noise {unknown}
 o - 3 scrolls of teleportation
 q - 2 scrolls of fear {unknown}
 s - 2 scrolls of enchant armour {unknown}
 t - 2 scrolls of fog {unknown}
 x - a scroll of vulnerability {unknown}
 y - 2 scrolls of poison {unknown}
 A - 2 scrolls of enchant weapon {unknown}
 C - a scroll of acquirement {unknown}
 D - a scroll of brand weapon {unknown}
Potions
 a - 7 potions of lignification
 b - 3 potions of invisibility
 c - 5 potions of curing {unknown}
 i - a potion of cancellation {unknown}
 k - 5 potions of heal wounds {unknown}
 l - 2 potions of brilliance {unknown}
 p - 5 potions of degeneration {unknown}
 v - 3 potions of flight {unknown}
 w - 3 potions of magic {unknown}
 z - a potion of ambrosia {unknown}
 E - 2 potions of mutation {unknown}


   Skills:
 + Level 9.1 Fighting
 + Level 4.3 Dodging
 + Level 8.7 Unarmed Combat
 - Level 2.0 Spellcasting
 + Level 8.4 Transmutations
 + Level 4.1 Ice Magic


You had 8 spell levels left.
You knew the following spells:

 Your Spells              Type           Power      Damage    Failure   Level
a - Beastly Appendage     Tmut           60%        N/A       1%          1
b - Ice Form              Ice/Tmut       23%        N/A       6%          4

Your spell library contained the following spells:

 Spells                   Type           Power      Damage    Failure   Level
 Wereblood                Tmut           30%        N/A       1%          2
 Spider Form              Tmut/Pois      16%        N/A       4%          3
 Magic Dart               Conj           4%         1d3       8%          1
 Call Imp                 Summ           1%         N/A       12%         2
 Mephitic Cloud           Conj/Pois/Air  1%         N/A       22%         3
 Tukima's Dance           Hex            1%         N/A       22%         3
 Yara's Violent Unravell  Hex/Tmut       8%         3d5       34%         5
 Passage of Golubria      Tloc           1%         N/A       56%         4


Dungeon Overview and Level Annotations

Branches:
Dungeon (8/15)             Temple (1/1) D:7         Ossuary (visited)
   Lair: D:8-11

Altars:
Ashenzari
Cheibriados
Dithmenos
Elyvilon
Fedhas
Hepliaklqana
Kikubaaqudgha
Nemelex Xobeh
Okawaru
Qazlal
Ru
Sif Muna
Trog
Uskayaw
Wu Jian
Xom
Zin
The Shining One

Shops:
D:5 =((

Annotations:
D:8 Grum


Innate Abilities, Weirdness & Mutations

You are a creature of crystalline ice.
You have a powerful freezing melee attack.
You are amphibious.
Your maximum health is increased.
Your armour is entirely melded.
You are incapable of wielding weapons or throwing items.
((You can spit globs of acid.))
((Your golden yellow scales are hard. (AC +7)))
You cannot fit into any form of body armour.
((You are cold-blooded and may be slowed by cold attacks.))
((You are resistant to acid. (rCorr)))


Message History

The orc wizard casts a spell at you.
You easily resist.
You hear a howl!
Grum the Hunter comes into view.
He is wielding a -2 spear.
Grum growls angrily.
You hear a howl!
You hear a bellow! x2
You hear an angry hiss.
You hear a bellow!
A wolf comes into view. x3
The orc wizard casts a spell at you.
You easily resist.
The wolf moves out of view.
The centaur unwields a +0 shortbow.
The centaur hits you.
The centaur kicks you but does no damage.
The wyvern bites you! The centaur hits you.
The centaur kicks you but does no damage.
You are too injured to fight recklessly!
You are too injured to fight recklessly!
The centaur attacks as you move away!
The centaur hits you but does no damage.
The centaur kicks you but does no damage.
The wyvern bites you!
The centaur wields a +0 shortbow.
The centaur shoots an arrow.
The arrow misses you.
The centaur shoots an arrow.
The arrow hits you!
The centaur shoots an arrow.
The arrow hits you. The wyvern bites you!
* * * LOW HITPOINT WARNING * * *
The wyvern attacks as you move away! The wyvern closely misses you.
The wyvern bites you.
* * * LOW HITPOINT WARNING * * *
The orc wizard gestures wildly while chanting.
The orc wizard flickers and vanishes!
Deactivating autopickup; reactivate with Ctrl-A.
The wyvern attacks as you move away! The wyvern barely misses you.
The wyvern attacks as you move away! The wyvern bites you!
* * * LOW HITPOINT WARNING * * *
The wyvern bites you!
* * * LOW HITPOINT WARNING * * *
The wyvern attacks as you move away! The wyvern barely misses you.
It was a potion of invisibility.
You fade into invisibility!
The wolf bites you.
You die...

#...........##.#
#.#########.##.# #.# #.##.#
#### #.# #.##.# ##... #.#
#>##.# ##...## #.# #####.##..
..... # #.# #.....#### ...
##.# . #.#####.##########
#.##.h....
#....)..>.....Yhl####.#.#.....
#######.########h.c.Y....h....
#.############h.#.#.....
#.......... #..........
#..######## #.####.##.# #.<#
#)# .# #..# ..# # #..# #...
#..# ....


You could see a yak (can't see you), a wyvern (can't see you), 3 wolves and a
centaur (can't see you).

Vanquished Creatures
  Erica (D:8)
  A dancing weapon (D:7)
  The ghost of blade888 the Arsonist, a novice OpFE (D:7)
  A wyvern (D:7)
  2 wraiths (Ossuary)
  3 water moccasins
  A sky beast (D:7)
  5 ice beasts
  3 ogres
  2 centaurs
  5 phantoms
  A bullfrog (D:8)
  2 necrophages (D:4)
  4 scorpions
  3 wights (Ossuary)
  2 howler monkeys (D:8)
  9 hounds
  4 jellies
  An orc priest (D:6)
  Jessica (D:2)
  2 iguanas (D:6)
  5 orc wizards
  Natasha (thrice) (D:2)
  9 adders
  7 gnolls (D:4)
  A shadow imp (D:7)
  2 white imps
  5 ufetubi
  2 adder zombies (Ossuary)
  A worm (D:3)
  3 dart slugs
  11 orcs
  10 ball pythons
  4 bats
  7 endoplasms
  8 giant cockroaches
  5 goblins
  6 hobgoblins
  10 jackals
  7 kobolds
  6 quokkas
  5 frilled lizards
  2 hobgoblin skeletons (Ossuary)
  2 hobgoblin zombies (Ossuary)
  A kobold zombie (Ossuary)
  An orc skeleton (Ossuary)
  An orc zombie (Ossuary)
  5 rats
183 creatures vanquished.

Vanquished Creatures (others)
  An orc wizard (D:5)
  3 bushes (D:8)
  2 fungi (D:8)
  23 plants (D:8)
29 creatures vanquished.

Grand Total: 212 creatures vanquished

Notes
Turn   | Place    | Note
-------+----------+-------------------------------------------
     0 | D:1      | Essalna the Draconian Transmuter began the quest for the
                  | Orb.
     0 | D:1      | Reached XP level 1. HP: 16/16 MP: 3/3
   191 | D:1      | Reached XP level 2. HP: 22/23 MP: 3/5
   226 | D:1      | You fall into a shaft and drop 1 floor!
   471 | D:2      | Noticed Jessica
   809 | D:1      | Reached skill level 2 in Fighting
  1044 | D:1      | Reached XP level 3. HP: 29/29 MP: 4/6
  1609 | D:2      | Killed Jessica
  1860 | D:2      | Reached XP level 4. HP: 32/37 MP: 4/7
  2034 | D:2      | Noticed Natasha
  2039 | D:2      | Killed Natasha
  2124 | D:2      | Found a faded altar of an unknown god.
  2291 | D:2      | Noticed Natasha
  2299 | D:2      | Killed Natasha
  2300 | D:2      | Reached skill level 3 in Fighting
  2545 | D:2      | Noticed Natasha
  2555 | D:2      | Killed Natasha
  2556 | D:2      | Reached XP level 5. HP: 30/45 MP: 6/8
  4458 | D:4      | Noticed a phantom
  4469 | D:4      | Killed a phantom
  4470 | D:4      | Reached skill level 4 in Fighting
  4470 | D:4      | Reached XP level 6. HP: 41/52 MP: 7/9
  4600 | D:4      | Identified the +4 dagger "Bivvus" {vorpal, Will+ Dex+2}
  4730 | D:4      | Reached skill level 5 in Unarmed Combat
  4735 | D:4      | HP: 2/52 [gnoll/+0 spear (6)]
  4787 | D:4      | HP: 2/51 [necrophage (1)]
  4795 | D:4      | HP: 1/51 [necrophage (2)]
  5259 | D:4      | Your scales start taking on a golden yellow colour.
  5259 | D:4      | Reached XP level 7. HP: 47/60 MP: 10/10
  5259 | D:4      | Gained mutation: You are resistant to acid. (rCorr) [Yellow
                  | Draconian growth]
  5499 | D:4      | Reached skill level 5 in Fighting
  5499 | D:4      | Reached skill level 5 in Transmutations
  5599 | D:4      | Found a sparkling altar of Nemelex Xobeh.
  5742 | D:5      | Entered Level 5 of the Dungeon
  5777 | D:5      | Found a sand-covered staircase.
  5782 | Ossuary  | Entered an ossuary
  6074 | Ossuary  | Noticed a flying skull
  6074 | Ossuary  | Noticed a wraith
  6087 | Ossuary  | Noticed a flying skull
  6087 | Ossuary  | Noticed a flying skull
  6109 | Ossuary  | Noticed a flying skull
  6117 | Ossuary  | Noticed a wraith
  6127 | Ossuary  | Killed a wraith
  6128 | Ossuary  | Reached XP level 8. HP: 13/70 MP: 11/11
  6389 | Ossuary  | Noticed a flying skull
  6405 | Ossuary  | Reached skill level 6 in Fighting
  7128 | D:5      | Found Laghagi's Antique Weapon Shoppe.
  7128 | D:5      | Found Bul Nam's Magic Scroll Shoppe.
  7128 | D:5      | Found Zeive's Weapon Shoppe.
  7132 | D:5      | Found Tiurumue's Jewellery Shoppe.
  7578 | D:5      | Reached skill level 7 in Fighting
  7734 | D:5      | Noticed a two-headed ogre
  8104 | D:6      | Reached XP level 9. HP: 60/79 MP: 10/12
  8210 | D:6      | Learned a level 4 spell: Ice Form
  8644 | D:6      | Reached skill level 1 in Ice Magic
  9297 | D:6      | Reached skill level 8 in Fighting
  9604 | D:7      | Found a runed translucent door.
  9605 | D:7      | Found a shimmering altar of Xom.
  9605 | D:7      | Noticed blade888's ghost (novice OpFE)
  9605 | D:7      | Noticed a +2 dagger of chaos
  9838 | D:7      | Found a staircase to the Ecumenical Temple.
  9855 | Temple   | Entered the Ecumenical Temple
 10120 | Temple   | Became a worshipper of Hepliaklqana the Forgotten
 10318 | D:7      | Found a glowing golden altar of the Shining One.
 10657 | D:7      | Killed a +2 dagger of chaos
 10658 | D:7      | Reached XP level 10. HP: 75/90 MP: 8/13
 10662 | D:7      | Killed blade888's ghost
 10871 | D:8      | Noticed Erica
 10915 | D:8      | Killed Erica
 10916 | D:8      | Reached skill level 9 in Fighting
 11168 | D:8      | Noticed Grum
 11176 | D:8      | HP: 1/109 [wyvern (9)]
 11178 | D:8      | Slain by a wolf

Illustrated notes

Levels and vault maps discovered:
D:1:      lightli_iron_boxes, layout_loops_ring
D:2:      minmay_alternating_diamond, layout_basic,
          hellmonk_ecumenical_altar_heavens_door, minmay_pentomino_p2,
          uniq_natasha, uniq_jessica
D:3:      layout_basic
D:4:      minmay_inner_zag, layout_gridville, marbit_many_paths
D:5:      cheibrodos_barr_body, layout_rooms, enter_ossuary_2,
          minmay_shop_grid_forest
D:6:      cheibrodos_quashed, layout_loops_ring
D:7:      layout_rooms, nicolae_tso_carved_into_rock,
          minmay_temple_entry_slanted, ebering_ghost_xom,
          kennysheep_generic_room_7
D:8:      layout_loops_ring, minmay_lair_entry_grove, uniq_grum, uniq_erica
Temple:   regret_index_temple_sphere_string

Skill      XL: |  1  2  3  4  5  6  7  8  9 10 |
---------------+-------------------------------+-----
Fighting       | 2 3 4 5 7 8 9 |  9.1
Transmutations | 3 4 5 7 8 |  8.4
Unarmed Combat | 4 5 6 7 8 |  8.7
Dodging        | 3 4 |  4.3
Ice Magic      | 3 4 |  4.1
Spellcasting   | |  2.0

Action                   |  1- 3 |  4- 6 |  7- 9 | 10-12 || total
-------------------------+-------+-------+-------+-------++-------
Melee: Unarmed           |    92 |   159 |   305 |    33 ||   589
       Tailslap          |     8 |    19 |    38 |       ||    65
       Kick              |    13 |    45 |    79 |       ||   137
       Headbutt          |    11 |    27 |    44 |       ||    82
       Punch             |     1 |     7 |    10 |       ||    18
 Cast: Beastly Appendage |    27 |    51 |    44 |       ||   122
       Ice Form          |       |       |     8 |     3 ||    11
 Abil: Breathe Acid      |       |       |     4 |       ||     4
  Use: Scroll            |       |     1 |     2 |       ||     3
       Potion            |       |       |     2 |     1 ||     3
 Stab: Sleeping          |       |       |     1 |       ||     1
Armor: Skin              |    20 |    39 |    95 |    18 ||   172
Dodge: Dodged            |    63 |    99 |   202 |    23 ||   387

Table legend: (Time is in decaauts)
 A = Elapsed time spent in this place.
 B = Non-inter-level travel time spent in this place.
 C = Inter-level travel time spent in this place.
 D = Time resting spent in this place.
 E = Time spent auto-exploring this place.
 F = Levels seen in this place.
 G = Mean time per level.
                   A        B        C        D        E       F      G
               +--------+--------+--------+--------+--------+-----+--------+
         Total |  11133 |  10595 |    538 |    337 |   8776 |  10 | 1113.3 |
       Dungeon |   9547 |   9129 |    418 |    337 |   7482 |   8 | 1193.4 |
        Temple |    290 |    170 |    120 |      0 |    154 |   1 |  290.0 |
       Ossuary |   1295 |   1295 |      0 |      0 |   1140 |   1 | 1295.0 |
               +--------+--------+--------+--------+--------+-----+--------+

Top non-repeatable levels by time:
     D:4: 2076 daAuts
     D:6: 1529 daAuts
     D:2: 1439 daAuts
 Ossuary: 1295 daAuts
     D:1: 1212 daAuts
     D:3: 1148 daAuts
     D:7: 1063 daAuts
     D:5: 795 daAuts
  Temple: 290 daAuts
     D:8: 281 daAuts
